Map: Dusk Towers

Players

MikidAfMat

  • Race: Zerg Zerg
  • League: Diamond

monOxyde - Winner!

  • Race: Terran Terran
  • League: Diamond

VOD

Have the link to the VOD?

Description

Time

  • Played on: March 15, 2016, 5:54 p.m.
  • Length: 29:19
Show
View Real Time Build Order
Export as new Build Order

MikidAfMat Zerg 

Build Orders: Hatch First, Muta Ling Bane 

Get SALT Encoding   

  12  0:01  Drone  
  13  0:13  Overlord  
  13  0:18  Drone  
  14  0:32  Drone x2  
  16  0:36  Drone  
  17  0:54  Hatchery  
  17  0:56  Drone  
  17  1:00  Extractor  
  16  1:04  Drone  
  17  1:16  Spawning Pool  
  16  1:20  Drone  
  16  1:24  Drone  
  18  1:29  Drone  
  19  1:40  Overlord  
  19  1:51  Drone  
  20  2:01  Drone  
  20  2:03  Queen  
  20  2:06  Queen  
  25  2:10  Metabolic Boost  
  25  2:13  Zergling x2  
  26  2:16  Zergling x2  
  26  2:22  Drone  
  28  2:42  Hatchery  
  27  2:47  Drone  
  28  2:53  Drone x2  
  28  2:54  Drone x2  
  28  2:55  Overlord  
  32  3:03  Drone  
  32  3:05  Drone  
  34  3:09  Queen  
  36  3:13  Drone  
  36  3:15  Drone  
  36  3:17  Drone  
  36  3:18  Drone x2  
  41  3:24  Overlord  
  41  3:26  Overlord  
  41  3:29  Drone  
  41  3:31  Drone  
  43  3:44  Drone x3  
  43  3:45  Drone  
  43  3:46  Queen  
  49  3:57  Drone x2  
  49  3:58  Evolution Chamber x2  
  49  3:59  Drone x2  
  49  4:00  Drone  
  49  4:02  Drone x2  
  54  4:05  Overlord  
  54  4:15  Drone x2  
  56  4:24  Overlord  
  55  4:30  Zerg Melee Weapons Level 1  
  55  4:34  Extractor, Drone x3  
  55  4:35  Baneling Nest, Drone x5  
  61  4:40  Extractor  
  61  4:41  Extractor  
  59  4:49  Spine Crawler, Zergling x14  
  65  5:00  Drone x3  
  65  5:01  Drone x3  
  71  5:07  Drone  
  71  5:10  Drone  
  71  5:12  Drone  
  74  5:18  Extractor, Overlord  
  74  5:20  Extractor  
  72  5:21  Overlord x2  
  72  5:25  Lair  
  72  5:30  Hatchery  
  71  5:36  Overlord  
  71  5:39  Overlord  
  71  5:41  Drone x3  
  71  5:42  Drone x2  
  76  5:43  Drone  
  77  5:58  Overlord  
  77  6:11  Zerg Ground Armor Level 1  
  77  6:14  Roach Warren  
  77  6:16  Queen  
  77  6:18  Overlord x2  
  78  6:23  Zergling x6  
  78  6:24  Zergling x12  
  87  6:29  Centrifical Hooks, Zerg Melee Weapons Level 2  
  87  6:33  Drone  
  87  6:34  Drone  
  87  6:35  Drone  
  87  6:36  Hatchery, Spire  
  87  6:39  Baneling  
  88  6:40  Overseer, Baneling  
  88  6:46  Zergling x2  
  94  6:54  Roach x4  
  96  7:23  Pneumatized Carapace  
  96  7:32  Infestation Pit  
  96  7:33  Zergling x16  
  96  7:34  Zergling x16  
  96  7:36  Overlord x3  
  111  7:39  Baneling x2  
  111  7:40  Baneling x7  
  111  7:46  Overlord x2  
  111  7:49  Baneling x6  
  111  7:50  Baneling  
  111  7:56  Queen  
  113  7:58  Baneling x2  
  113  7:59  Baneling x8  
  99  8:06  Zergling x2  
  99  8:07  Zergling x14  
  99  8:08  Zergling x16  
  107  8:17  Zergling x2  
  107  8:18  Zergling x10  
  111  8:26  Zergling x2  
  105  8:27  Zergling x14  
  105  8:30  Zergling x2  
  105  8:31  Zergling x2  
  110  8:44  Drone  
  110  8:45  Drone x6  
  114  8:49  Baneling x3  
  114  8:50  Baneling x3  
  114  8:56  Hive  
  114  8:57  Mutalisk x4  
  114  8:58  Mutalisk  
  123  9:04  Overseer x3  
  123  9:11  Hatchery  
  122  9:19  Hatchery  
  122  9:20  Baneling x8  
  121  9:26  Overseer  
  121  9:32  Drone x6  
  121  9:33  Drone x2  
  121  9:36  Extractor, Zergling x24  
  121  9:37  Extractor  
  139  9:51  Drone x3  
  139  9:52  Drone x3  
  144  9:57  Zergling x2  
  144  9:58  Zergling x12  
  150  10:01  Baneling  
  150  10:02  Baneling x8  
  150  10:06  Overlord x3  
  150  10:07  Overlord  
  150  10:10  Adrenal Glands  
  150  10:11  Ultralisk Cavern  
  136  10:34  Zergling x6  
  136  10:35  Zergling x34  
  147  10:36  Zerg Ground Armor Level 2  
  139  10:57  Drone x3  
  137  10:59  Extractor  
  137  11:00  Extractor  
  136  11:09  Queen  
  136  11:10  Queen  
  140  11:14  Chitinous Plating  
  140  11:17  Baneling  
  140  11:18  Ultralisk x3  
  158  11:19  Hatchery  
  156  11:29  Baneling  
  156  11:30  Baneling x8  
  156  11:31  Baneling x2  
  156  11:32  Baneling x2  
  152  11:33  Baneling x7  
  139  11:51  Zergling x4  
  139  11:52  Zergling x38  
  151  12:04  Ultralisk  
  151  12:05  Ultralisk  
  151  12:07  Drone  
  151  12:08  Drone x2  
  163  12:15  Mutalisk x4  
  154  12:37  Baneling x5  
  154  12:38  Baneling x2  
  154  12:39  Ultralisk  
  143  12:51  Zergling x4  
  143  12:52  Zergling x24  
  147  13:02  Hatchery  
  144  13:16  Drone x2  
  144  13:17  Drone x2  
  144  13:18  Drone x2  
  143  13:20  Zergling x10  
  148  13:39  Zergling x8  
  148  13:40  Zergling x10  
  157  13:45  Zerg Ground Armor Level 3  
  158  13:48  Zergling x2  
  158  13:49  Zergling x8  
  158  13:51  Baneling x7  
  158  13:52  Baneling x12  
  162  13:58  Ultralisk  
  166  14:21  Corruptor  
  166  14:22  Corruptor x5  
  178  14:40  Hatchery, Drone  
  178  14:41  Drone  
  178  14:42  Drone x3  
  182  14:54  Ultralisk x3  
  186  15:19  Zergling x2  
  186  15:20  Zergling x36  
  186  15:21  Zergling x8  
  177  15:29  Baneling x10  
  177  15:30  Baneling x5  
  172  16:09  Zergling x2  
  172  16:10  Zergling x36  
  172  16:11  Zergling x2  
  164  16:29  Zergling x2  
  164  16:30  Zergling x14  
  147  16:42  Corruptor x7  
  147  16:43  Corruptor x2  
  156  16:53  Zergling x2  
  152  16:54  Zergling x12  
  152  16:59  Drone  
  152  17:00  Drone x2  
  160  17:09  Baneling x7  
  160  17:10  Baneling x5  
  154  17:24  Ultralisk  
  160  17:32  Zergling x4  
  160  17:34  Zergling x12  
  168  17:44  Drone x3  
  168  17:45  Drone x3, Overlord  
  174  17:59  Hatchery  
  174  18:03  Baneling x7  
  174  18:04  Baneling x4  
  129  18:33  Zergling x8  
  129  18:34  Zergling x18  
  134  18:44  Zergling x2  
  134  18:45  Zergling x8  
  135  19:28  Zergling x4  
  135  19:29  Zergling x26  
  150  19:44  Zergling x4  
  152  19:45  Mutalisk x2  
  152  19:46  Mutalisk x3  
  162  19:56  Hatchery  
  161  20:04  Mutalisk x3  
  167  20:10  Baneling x2  
  167  20:11  Baneling x4  
  149  20:47  Zerg Flyer Weapons Level 1  
  137  21:12  Mutalisk x7  
  137  21:13  Mutalisk x4  
  156  21:19  Extractor  
  156  21:20  Extractor  
  156  21:21  Drone x2  
  156  21:22  Drone x2  
  156  21:23  Drone x2  
  160  21:33  Ultralisk  
  166  21:41  Extractor  
  163  21:48  Overseer  
  163  22:00  Zergling x8  
  167  22:04  Zergling x2  
  167  22:05  Zergling x4, Corruptor  
  170  22:33  Baneling x4  
  170  22:34  Baneling x4  
  167  22:38  Zergling x18  
  167  22:39  Zergling x34  
  192  22:44  Baneling x2  
  147  23:15  Zergling x2  
  147  23:16  Zergling x26  
  147  23:17  Zergling x20  
  137  23:52  Baneling x3  
  132  24:07  Ultralisk  
  137  24:13  Hatchery  
  135  24:19  Spore Crawler  
  129  24:33  Baneling  
  129  24:34  Zergling x12  
  129  24:35  Zergling x30  
  117  25:06  Baneling  
  113  25:08  Baneling  
  113  25:13  Drone x3  
  112  25:24  Extractor  
  111  25:38  Baneling  
  111  25:51  Drone x8  
  111  25:53  Drone  
  111  25:54  Drone  
  111  27:03  Baneling x4  
  111  27:15  Baneling x5  
  111  27:16  Baneling x2  
  106  27:41  Hatchery  
  96  28:01  Zergling x2  
  96  28:02  Zergling x24  
  87  28:23  Zergling x6  
  87  28:24  Zergling x2  
  81  28:52  Drone x6  
Show
View Real Time Build Order
Export as new Build Order

monOxyde Terran - Winner!

Build Orders: Reaper Expand, Bio Mine 

Get SALT Encoding   

  12  0:02  SCV  
  13  0:14  SCV  
  13  0:19  Supply Depot  
  14  0:26  SCV  
  15  0:40  SCV  
  15  0:42  Barracks  
  16  0:51  Refinery  
  16  0:52  SCV  
  17  1:04  SCV  
  18  1:18  SCV  
  19  1:31  Orbital Command  
  19  1:35  Reaper  
  20  1:44  Command Center  
  20  1:57  SCV  
  20  1:58  Supply Depot  
  21  2:07  Barracks Reactor  
  21  2:09  SCV  
  22  2:21  SCV  
  23  2:30  Factory  
  23  2:33  SCV  
  24  2:41  Command Center  
  24  2:47  SCV  
  25  2:52  Marine x2  
  25  2:56  Refinery  
  27  2:59  Orbital Command  
  27  3:16  SCV  
  28  3:21  Hellion x2  
  28  3:24  Starport  
  28  3:26  SCV  
  33  3:28  SCV  
  33  3:33  Barracks Tech Lab  
  34  3:42  Hellion x2  
  38  3:49  SCV x2  
  38  3:53  Marine, Stimpack  
  42  4:01  SCV x2  
  44  4:04  Orbital Command  
  44  4:08  Hellion x2  
  47  4:12  Marine  
  47  4:14  SCV x2  
  50  4:20  Viking  
  52  4:26  SCV x2  
  54  4:33  SCV, Marine  
  54  4:38  SCV  
  57  4:39  SCV  
  57  4:41  Barracks x2  
  57  4:42  Factory Reactor  
  57  4:45  SCV  
  59  4:55  Medivac  
  61  5:00  Refinery x2  
  61  5:01  Supply Depot  
  61  5:02  Supply Depot  
  61  5:03  Orbital Command  
  61  5:23  SCV x2, Marine, Barracks x2  
  61  5:25  Engineering Bay  
  61  5:26  Engineering Bay  
  61  5:27  Starport Reactor  
  64  5:32  SCV  
  64  5:33  Factory Tech Lab  
  64  5:35  SCV x2  
  67  5:36  Factory Tech Lab, Starport Reactor  
  67  5:38  Factory Reactor  
  67  5:41  Marine  
  68  5:48  SCV x3  
  71  5:55  Terran Infantry Weapons Level 1, Terran Infantry Armor Level 1  
  71  5:57  Combat Shields  
  71  5:58  Marine x5  
  71  6:00  SCV  
  77  6:10  Armory  
  77  6:13  Barracks Reactor  
  77  6:16  Barracks Reactor  
  77  6:26  Widow Mine, Marine x2  
  77  6:27  SCV x3  
  77  6:28  Supply Depot x2  
  77  6:32  Marine  
  85  6:40  Missile Turret  
  85  6:42  Missile Turret  
  85  6:49  Widow Mine, Medivac x2, Marine x2, SCV x2  
  85  6:50  SCV  
  85  6:52  Supply Depot  
  85  6:53  Supply Depot  
  96  6:55  Marine x5  
  101  7:13  Widow Mine, SCV x3, Marine x2  
  101  7:15  Marine x6  
  111  7:16  Marine  
  111  7:17  Widow Mine  
  115  7:25  SCV  
  116  7:31  Marine  
  116  7:35  Barracks x3, Refinery  
  117  7:37  SCV, Marine x6  
  124  7:50  Factory, Terran Ship Weapons Level 1  
  124  7:52  SCV  
  125  8:01  SCV  
  125  8:02  SCV  
  116  8:11  Marine  
  116  8:12  Marine x8  
  104  8:29  Marine  
  104  8:30  Marine x4  
  104  8:32  Marine x3  
  104  8:33  Widow Mine, Marine x4  
  104  8:34  Widow Mine, Medivac x2  
  113  8:37  Terran Infantry Armor Level 2, Terran Infantry Weapons Level 2  
  118  8:47  Marine  
  118  8:48  Marine  
  119  8:50  Supply Depot  
  119  8:52  Supply Depot  
  119  8:57  Refinery, Command Center  
  119  8:58  Marine x6  
  125  9:07  Supply Depot x2  
  125  9:11  Marine x4  
  127  9:21  Factory Tech Lab  
  127  9:23  Medivac x2  
  131  9:24  Marine x4  
  131  9:25  Marine x2  
  137  9:44  Marine  
  137  9:45  Widow Mine, Marine x10  
  142  9:46  Widow Mine x2, Drilling Claws  
  142  9:48  Terran Ship Weapons Level 2  
  152  10:02  Missile Turret  
  146  10:20  Widow Mine x3  
  147  10:22  Marine x12  
  155  10:39  Marine  
  155  10:40  Marine  
  157  10:47  Marine x6  
  157  10:48  Widow Mine, Liberator x2  
  157  10:58  Barracks Tech Lab x2  
  157  10:59  Barracks Tech Lab  
  157  11:01  Ghost Academy  
  156  11:11  Starport  
  162  11:12  SCV x2, Starport  
  162  11:14  Missile Turret  
  160  11:40  Marauder x4  
  160  11:41  Widow Mine x2, Marine x3  
  160  11:42  Widow Mine  
  166  12:01  Marauder x4  
  170  12:04  Planetary Fortress  
  164  12:16  Barracks  
  164  12:20  Liberator x2  
  164  12:21  Ghost  
  164  12:22  Ghost x3, Command Center  
  143  12:39  Starport Tech Lab  
  143  12:42  Fusion Core  
  149  12:46  Terran Infantry Weapons Level 3, Terran Infantry Armor Level 3  
  149  12:50  Ghost  
  132  13:00  SCV x2  
  132  13:01  SCV x2  
  132  13:03  Refinery  
  136  13:08  Liberator x3  
  136  13:09  Liberator  
  136  13:12  SCV  
  137  13:13  SCV  
  137  13:14  Ghost  
  137  13:15  Ghost x2  
  137  13:18  Ghost  
  146  13:21  SCV x2  
  146  13:23  Refinery  
  146  13:24  SCV  
  146  13:25  SCV  
  162  13:27  Marine x3  
  165  13:43  Ghost  
  167  13:50  Ghost x2  
  167  13:51  Liberator x2  
  171  14:02  Marine x4  
  175  14:23  Liberator x2  
  173  14:26  Sensor Tower  
  171  14:31  Barracks Tech Lab  
  171  14:32  Personal Cloaking  
  171  14:45  Refinery  
  177  14:50  Refinery  
  177  15:11  Liberator  
  129  15:24  Liberator  
  129  15:25  Ghost  
  129  15:26  Ghost x4  
  129  15:27  Marine x6  
  129  15:28  Marine  
  126  15:39  Marine  
  126  15:40  Medivac  
  132  15:43  Missile Turret  
  132  15:44  Marine  
  132  15:45  Marine  
  130  15:54  Ghost  
  130  15:55  Marauder  
  124  16:10  Marine x5, Marauder x3  
  100  16:18  Marine x3  
  100  16:19  Marine  
  100  16:23  Marine  
  83  16:27  Liberator x3  
  83  16:28  Marine x5  
  83  16:31  Marine x3  
  77  16:36  Marine x3  
  77  16:37  Marauder  
  79  16:41  Marauder  
  79  16:45  Marine  
  86  16:49  Marauder  
  88  16:59  Marine x4  
  92  17:12  Marine x3, Marauder x2  
  92  17:13  SCV  
  92  17:14  SCV  
  92  17:15  Marine x3  
  105  17:17  Marine x4  
  102  17:27  Planetary Fortress  
  102  17:38  SCV x4  
  102  17:43  Marauder x3  
  112  17:50  SCV x2  
  80  18:28  Liberator  
  80  18:32  Marine x2  
  80  18:33  Marine x6  
  80  18:34  Marine x4  
  55  18:42  Widow Mine x2  
  55  18:47  Medivac  
  64  18:50  Marine x3  
  64  18:51  SCV x5, Marine x2  
  64  18:52  Marauder x2  
  78  19:03  SCV x2  
  78  19:09  SCV x3  
  83  19:11  Missile Turret  
  83  19:14  Marine x3, Marauder x3  
  83  19:15  SCV, Marauder, Marine x5  
  100  19:36  Marauder x2  
  104  19:43  Refinery  
  104  19:49  Marauder x2  
  108  19:57  Marauder x2  
  112  20:09  Ghost  
  111  20:27  Ghost  
  101  20:38  Refinery  
  74  21:09  Ghost x2  
  74  21:10  Ghost x2  
  69  21:49  Marine  
  69  21:50  Marine x11  
  69  21:54  Liberator x3  
  81  21:55  Missile Turret  
  79  22:07  Marine  
  80  22:08  SCV x2  
  80  22:09  SCV  
  89  22:42  Marine x11  
  98  22:59  Marauder  
  98  23:01  Marauder  
  79  23:13  Marine  
  79  23:14  Marauder x2, Marine x4  
  86  23:27  Marine x2  
  86  23:40  Marine x6, Marauder x3  
  94  23:52  Medivac x3  
  87  24:08  Nuke  
  85  24:19  Marine  
  85  24:20  Marine x7  
  93  24:31  Marine x4  
  90  24:37  Marine  
  59  25:15  Ghost x4  
  60  25:36  Orbital Command  
  60  25:44  Ghost  
  60  25:45  Ghost x3  
  68  25:56  Marine  
  69  25:57  Marine  
  69  25:58  Marine  
  71  26:14  Marauder x3  
  71  26:18  Orbital Command  
  75  26:33  Orbital Command  
  72  26:49  Liberator x2  
  72  26:50  Liberator  
  71  27:00  SCV x3  
  74  27:04  Ghost x3  
  74  27:06  Marauder  
  91  27:19  Liberator  
  91  27:27  Marauder  
  87  28:07  Orbital Command  
  87  28:09  Liberator  
  77  28:22  SCV x2  
  77  28:23  SCV x2  
  77  28:25  Marine x4, Marauder x2, Ghost  
  77  28:26  Marine, Ghost  
  94  28:34  SCV x3  
  97  28:46  Ghost  
  98  28:49  Medivac  
  98  28:52  Orbital Command  
Tags
 
Add a new tag
Caveats
  • Supply blocks, unpowered buildings, or Contaminate may cause inaccurate times.
  • Supply counts are checked every 10 seconds.